General information
- name: BNet
- type: Ladder team game (AT/RT)
- host: Battle.net
- saver: Winstealers
map: Deadlock
- players: 8
- length: 33:05
- speed: Fast
- version: 1.26 W3XP
- replay type: Public
» download(213 KB)
Players
team 1 (winner)
418 (
purple | 65 APM | 1240 actions | 19:09)
4 Archmage
2 Summon Water Elemental
2 Brilliance Aura
1 Paladin
1 Holy Light
» actions
| Assign group hotkey | 23 | |
| Basic commands | 25 | |
| Build / train | 65 | |
| Enter build submenu | 28 | |
| Enter hero's abilities submenu | 5 | |
| Give item / drop item | 5 | |
| Right click | 434 | |
| Select / deselect | 442 | |
| Select group hotkey | 156 | |
| Use ability | 57 | |
1240 total
» units
| Peasant | 14 | |
| Footman | 6 | |
| Sorceress | 1 | |
| Gryphon Rider | 3 | |
| Knight | 2 | |
26 total
» upgrades
| Masonry | 3 | |
| Gunpowder | 1 | |
| Plating | 1 | |
| Lumber Harvesting | 2 | |
| Sorceress Training | 1 | |
| Animal War Training | 1 | |
| Swords | 1 | |
| Storm Hammers | 1 | |
| Flak Cannons | 1 | |
| Armor | 1 | |
| Defend | 1 | |
14 total
» buildings
| Altar of Kings | 1 | |
| Farm | 6 | |
| Barracks | 1 | |
| Arcane Vault | 1 | |
| Town Hall | 1 | |
| Scout Tower | 7 | |
| Lumber Mill | 1 | |
| Keep | 1 | |
| Guard Tower | 5 | |
| Blacksmith | 1 | |
| Castle | 1 | |
| Arcane Sanctum | 1 | |
| Workshop | 1 | |
| Gryphon Aviary | 2 | |
30 total
» build order
00:08 Altar of Kings
00:21 Farm
00:44 Barracks
00:59 Farm
01:42 Farm
02:34 Farm
03:13 Arcane Vault
03:45 Town Hall
03:48 Scout Tower
03:50 Scout Tower
03:54 Farm
04:27 Lumber Mill
05:06 Keep
05:33 Guard Tower
05:35 Scout Tower
05:54 Blacksmith
05:56 Scout Tower
05:59 Scout Tower
06:05 Guard Tower
06:42 Guard Tower
06:42 Guard Tower
07:52 Castle
08:23 Arcane Sanctum
09:38 Workshop
11:05 Gryphon Aviary
11:14 Gryphon Aviary
12:16 Farm
13:09 Scout Tower
13:11 Scout Tower
13:41 Guard Tower
» items
| Scroll of Regeneration | 4 | |
| Boots of Speed | 1 | |
| Circlet of Nobility | 1 | |
| Lesser Clarity Potion | 1 | |
| Scroll of Town Portal | 2 | |
| Orb of Fire | 1 | |
| Staff of Sanctuary | 1 | |
11 total
Winstealers (
pink | 86 APM | 2835 actions | 33:05)
8 Archmage
2 Summon Water Elemental
3 Brilliance Aura
2 Blizzard
1 Mass Teleport
» actions
| Assign group hotkey | 157 | |
| Basic commands | 44 | |
| Build / train | 218 | |
| ESC pressed | 2 | |
| Enter build submenu | 50 | |
| Enter hero's abilities submenu | 8 | |
| Give item / drop item | 6 | |
| Remove unit from queue | 3 | |
| Right click | 1001 | |
| Select / deselect | 358 | |
| Select group hotkey | 683 | |
| Use ability | 305 | |
2835 total
» units
| Peasant | 30 | |
| Footman | 7 | |
| Gryphon Rider | 5 | |
| Rifleman | 6 | |
| Flying Machine | 11 | |
59 total
» upgrades
| Lumber Harvesting | 3 | |
| Masonry | 4 | |
| Swords | 4 | |
| Armor | 4 | |
| Storm Hammers | 1 | |
| Cloud | 1 | |
| Animal War Training | 2 | |
| Plating | 4 | |
| Sorceress Training | 1 | |
| Gunpowder | 2 | |
| Barrage | 1 | |
| Fragmentation Shards | 1 | |
| Flak Cannons | 1 | |
| Flying Machine Bombs | 1 | |
| Backpack | 1 | |
| Long Rifles | 1 | |
| Defend | 1 | |
33 total
» buildings
| Altar of Kings | 1 | |
| Barracks | 1 | |
| Farm | 7 | |
| Arcane Vault | 2 | |
| Town Hall | 5 | |
| Scout Tower | 30 | |
| Arcane Tower | 2 | |
| Keep | 3 | |
| Lumber Mill | 1 | |
| Guard Tower | 62 | |
| Castle | 3 | |
| Gryphon Aviary | 3 | |
| Blacksmith | 2 | |
| Spirit Tower | 2 | |
124 total
» build order
00:50 Altar of Kings
00:51 Barracks
00:54 Farm
01:06 Farm
01:24 Farm
01:54 Farm
02:09 Arcane Vault
02:12 Arcane Vault
02:37 Farm
03:19 Farm
04:02 Town Hall
04:05 Scout Tower
04:45 Arcane Tower
05:05 Keep
05:05 Keep
06:30 Lumber Mill
06:33 Scout Tower
06:33 Scout Tower
06:41 Scout Tower
06:42 Scout Tower
06:43 Scout Tower
06:47 Scout Tower
08:02 Guard Tower
08:02 Guard Tower
08:14 Town Hall
08:17 Scout Tower
08:18 Scout Tower
08:20 Scout Tower
08:20 Scout Tower
08:53 Guard Tower
08:53 Guard Tower
08:56 Guard Tower
09:54 Guard Tower
09:54 Guard Tower
09:56 Scout Tower
09:56 Scout Tower
09:57 Scout Tower
09:59 Scout Tower
10:04 Scout Tower
10:48 Castle
10:48 Castle
11:27 Guard Tower
11:27 Guard Tower
11:53 Guard Tower
12:14 Guard Tower
12:14 Guard Tower
12:14 Guard Tower
12:16 Guard Tower
12:16 Guard Tower
12:16 Guard Tower
12:16 Guard Tower
12:17 Guard Tower
12:17 Guard Tower
12:18 Guard Tower
12:18 Guard Tower
12:27 Guard Tower
12:27 Guard Tower
13:10 Gryphon Aviary
13:43 Gryphon Aviary
14:39 Gryphon Aviary
15:32 Blacksmith
15:34 Blacksmith
19:55 Scout Tower
19:56 Scout Tower
19:58 Scout Tower
20:14 Scout Tower
20:16 Scout Tower
20:26 Guard Tower
20:26 Guard Tower
20:26 Guard Tower
20:28 Guard Tower
20:28 Guard Tower
20:28 Guard Tower
20:33 Guard Tower
20:33 Guard Tower
20:33 Guard Tower
20:47 Guard Tower
20:48 Guard Tower
20:48 Guard Tower
20:48 Guard Tower
20:48 Guard Tower
22:22 Guard Tower
22:22 Guard Tower
22:29 Farm
22:56 Spirit Tower
22:56 Spirit Tower
23:15 Town Hall
23:16 Scout Tower
23:17 Scout Tower
23:17 Scout Tower
23:18 Scout Tower
23:19 Scout Tower
23:20 Scout Tower
23:21 Scout Tower
23:21 Scout Tower
23:23 Scout Tower
23:47 Guard Tower
23:47 Guard Tower
23:48 Guard Tower
24:12 Guard Tower
24:12 Guard Tower
24:12 Guard Tower
24:17 Guard Tower
24:17 Guard Tower
24:55 Guard Tower
25:48 Town Hall
26:04 Town Hall
27:25 Keep
» items
| Scroll of Regeneration | 3 | |
| Mechanical Critter | 7 | |
| Lesser Clarity Potion | 1 | |
| Tome of Retraining | 1 | |
| Potion of Invisibility | 1 | |
| Staff of Teleportation | 1 | |
| Periapt of Vitality | 2 | |
| Ivory Tower | 2 | |
| Potion of Healing | 3 | |
| Scroll of Town Portal | 2 | |
| Dust of Appearance | 2 | |
| Potion of Lesser Invulnerability | 2 | |
| Scroll of Healing | 1 | |
28 total
mischifrox (
teal | 62 APM | 1172 actions | 18:50)
3 Archmage
1 Blizzard
1 Brilliance Aura
1 Summon Water Elemental
» actions
| Assign group hotkey | 26 | |
| Basic commands | 2 | |
| Build / train | 108 | |
| ESC pressed | 12 | |
| Enter build submenu | 41 | |
| Enter hero's abilities submenu | 5 | |
| Give item / drop item | 1 | |
| Right click | 394 | |
| Select / deselect | 429 | |
| Select group hotkey | 19 | |
| Use ability | 135 | |
1172 total
» units
| Peasant | 21 | |
| Footman | 8 | |
| Mortar Team | 16 | |
| Sorceress | 5 | |
| Flying Machine | 10 | |
60 total
» upgrades
| Masonry | 2 | |
| Lumber Harvesting | 1 | |
| Sorceress Training | 1 | |
| Gunpowder | 2 | |
| Magic Sentry | 1 | |
| Long Rifles | 1 | |
| Plating | 1 | |
9 total
» buildings
| Altar of Kings | 1 | |
| Farm | 11 | |
| Barracks | 2 | |
| Scout Tower | 7 | |
| Arcane Tower | 4 | |
| Lumber Mill | 1 | |
| Blacksmith | 1 | |
| Guard Tower | 4 | |
| Keep | 1 | |
| Town Hall | 2 | |
| Arcane Vault | 3 | |
| Arcane Sanctum | 1 | |
| Workshop | 4 | |
| Castle | 4 | |
46 total
» build order
00:09 Altar of Kings
00:14 Farm
00:28 Barracks
00:32 Barracks
01:07 Farm
01:32 Scout Tower
01:53 Farm
02:13 Arcane Tower
02:14 Arcane Tower
02:14 Arcane Tower
02:14 Arcane Tower
02:33 Farm
02:46 Lumber Mill
03:25 Scout Tower
03:32 Blacksmith
03:43 Scout Tower
03:55 Guard Tower
04:21 Guard Tower
04:36 Keep
05:59 Town Hall
07:10 Farm
07:15 Arcane Vault
07:55 Arcane Sanctum
08:41 Scout Tower
08:43 Workshop
08:45 Workshop
08:47 Workshop
08:53 Workshop
09:10 Guard Tower
09:15 Arcane Vault
09:18 Scout Tower
09:20 Scout Tower
09:34 Arcane Vault
09:37 Scout Tower
09:50 Guard Tower
09:52 Farm
10:43 Farm
10:44 Farm
11:26 Farm
11:28 Farm
12:08 Farm
15:06 Town Hall
16:23 Castle
16:23 Castle
16:23 Castle
» items
| Dust of Appearance | 1 | |
| Staff of Teleportation | 1 | |
| Potion of Healing | 2 | |
| Lesser Clarity Potion | 2 | |
| Scroll of Regeneration | 1 | |
| Scroll of Town Portal | 1 | |
8 total

»
Berserk69 (
red | 49 APM | 946 actions | 19:13)
2 Death Knight
1 Death Coil
1 Unholy Aura
1 Crypt Lord
1 Impale
» actions
| Assign group hotkey | 35 | |
| Basic commands | 99 | |
| Build / train | 39 | |
| Enter build submenu | 13 | |
| Enter hero's abilities submenu | 3 | |
| Right click | 357 | |
| Select / deselect | 145 | |
| Select group hotkey | 218 | |
| Use ability | 37 | |
946 total
» units
| Acolyte | 3 | |
| Ghoul | 3 | |
| Crypt Fiend | 17 | |
| Obsidian Statue | 2 | |
25 total
» upgrades
| Creature Attack | 2 | |
| Web | 1 | |
| Creature Carapace | 2 | |
5 total
» buildings
| Ziggurat | 6 | |
| Altar of Darkness | 1 | |
| Graveyard | 1 | |
| Crypt | 2 | |
| Halls of the Dead | 1 | |
| Tomb of Relics | 1 | |
| Slaughterhouse | 1 | |
| Spirit Tower | 2 | |
15 total
» build order
00:28 Ziggurat
00:30 Altar of Darkness
00:45 Graveyard
01:08 Crypt
01:27 Ziggurat
02:18 Crypt
02:38 Ziggurat
05:32 Halls of the Dead
07:21 Ziggurat
07:26 Ziggurat
09:07 Tomb of Relics
09:12 Ziggurat
09:53 Slaughterhouse
11:31 Spirit Tower
11:38 Spirit Tower
» items
team 2 (loser)
IGOTATHIRDLEG (
yellow | 160 APM | 3482 actions | 21:48)
6 Blademaster
2 Wind Walk
3 Critical Strike
1 Bladestorm
4 Shadow Hunter
2 Hex
2 Healing Wave
» actions
| Assign group hotkey | 33 | |
| Basic commands | 175 | |
| Build / train | 80 | |
| ESC pressed | 2 | |
| Enter build submenu | 28 | |
| Enter hero's abilities submenu | 11 | |
| Give item / drop item | 1 | |
| Right click | 1314 | |
| Select / deselect | 249 | |
| Select group hotkey | 1444 | |
| Use ability | 145 | |
3482 total
» units
| Peon | 14 | |
| Grunt | 5 | |
| Raider | 5 | |
| Spirit Walker | 3 | |
| Demolisher | 2 | |
| Shaman | 4 | |
| Tauren | 3 | |
36 total
» upgrades
| Ensnare | 1 | |
| Armor | 2 | |
| Pillage | 1 | |
| Shaman Training | 2 | |
| Melee Weapons | 1 | |
| Reinforced Defenses | 1 | |
| Ranged Weapons | 1 | |
| Envenomed Spears | 1 | |
10 total
» buildings
| Altar of Storms | 1 | |
| Orc Burrow | 7 | |
| Voodoo Lounge | 1 | |
| Barracks | 1 | |
| Stronghold | 1 | |
| Great Hall | 5 | |
| Beastiary | 3 | |
| Spirit Lodge | 2 | |
| War Mill | 1 | |
| Fortress | 1 | |
| Tauren Totem | 1 | |
| Watch Tower | 6 | |
30 total
» build order
00:11 Altar of Storms
00:23 Orc Burrow
01:12 Voodoo Lounge
01:19 Barracks
01:38 Orc Burrow
03:19 Orc Burrow
03:38 Stronghold
04:54 Great Hall
06:04 Beastiary
06:55 Spirit Lodge
06:58 Orc Burrow
07:18 War Mill
09:31 Fortress
11:02 Orc Burrow
12:03 Tauren Totem
14:40 Spirit Lodge
15:53 Great Hall
16:10 Great Hall
16:11 Great Hall
16:14 Watch Tower
16:15 Watch Tower
16:29 Orc Burrow
16:53 Watch Tower
17:13 Orc Burrow
19:50 Great Hall
20:59 Beastiary
21:03 Beastiary
21:11 Watch Tower
21:13 Watch Tower
21:16 Watch Tower
» items
| Healing Salve | 5 | |
| Scroll of Speed | 1 | |
| Boots of Speed | 1 | |
| Scroll of Healing | 1 | |
| Potion of Lesser Invulnerability | 1 | |
| Orb of Lightning | 1 | |
| Scroll of Town Portal | 1 | |
| Lesser Clarity Potion | 7 | |
| Potion of Healing | 1 | |
19 total
SouthWillRise (
green | 48 APM | 1596 actions | 33:02)
6 Archmage
3 Summon Water Elemental
2 Brilliance Aura
1 Mass Teleport
» actions
| Assign group hotkey | 97 | |
| Basic commands | 154 | |
| Build / train | 62 | |
| Enter build submenu | 24 | |
| Enter hero's abilities submenu | 6 | |
| Give item / drop item | 3 | |
| Remove unit from queue | 2 | |
| Right click | 645 | |
| Select / deselect | 316 | |
| Select group hotkey | 211 | |
| Use ability | 76 | |
1596 total
» units
| Peasant | 14 | |
| Footman | 5 | |
| Gryphon Rider | 8 | |
27 total
» upgrades
| Lumber Harvesting | 2 | |
| Masonry | 3 | |
| Swords | 3 | |
| Armor | 4 | |
| Storm Hammers | 1 | |
| Animal War Training | 1 | |
14 total
» buildings
| Altar of Kings | 1 | |
| Barracks | 1 | |
| Farm | 6 | |
| Keep | 1 | |
| Town Hall | 2 | |
| Lumber Mill | 1 | |
| Scout Tower | 5 | |
| Castle | 1 | |
| Guard Tower | 1 | |
| Gryphon Aviary | 3 | |
| Blacksmith | 3 | |
| Arcane Vault | 1 | |
26 total
» build order
00:36 Altar of Kings
00:37 Barracks
00:50 Farm
00:51 Farm
01:04 Farm
01:42 Farm
04:03 Keep
04:14 Town Hall
04:27 Lumber Mill
05:48 Scout Tower
05:49 Scout Tower
05:51 Scout Tower
05:52 Scout Tower
05:54 Scout Tower
06:39 Castle
06:43 Guard Tower
07:15 Gryphon Aviary
07:15 Gryphon Aviary
07:56 Gryphon Aviary
08:49 Blacksmith
08:50 Blacksmith
09:13 Farm
10:17 Farm
11:09 Blacksmith
19:41 Town Hall
19:51 Arcane Vault
» items
| Lesser Clarity Potion | 3 | |
| Potion of Mana | 1 | |
| Scroll of Regeneration | 1 | |
| Staff of Teleportation | 1 | |
| Periapt of Vitality | 1 | |
| Potion of Lesser Invulnerability | 2 | |
| Scroll of Healing | 1 | |
10 total
CALLSAULNOW. (
blue | 52 APM | 1709 actions | 33:02)
4 Mountain King
2 Storm Bolt
2 Bash
» actions
| Assign group hotkey | 56 | |
| Basic commands | 92 | |
| Build / train | 69 | |
| Enter build submenu | 18 | |
| Enter hero's abilities submenu | 4 | |
| Give item / drop item | 1 | |
| Right click | 728 | |
| Select / deselect | 172 | |
| Select group hotkey | 513 | |
| Use ability | 55 | |
1709 total
» units
| Peasant | 14 | |
| Footman | 5 | |
| Gryphon Rider | 5 | |
| Dragonhawk Rider | 1 | |
25 total
» upgrades
| Masonry | 3 | |
| Lumber Harvesting | 2 | |
| Animal War Training | 1 | |
| Swords | 2 | |
| Armor | 2 | |
| Storm Hammers | 1 | |
| Cloud | 2 | |
13 total
» buildings
| Altar of Kings | 1 | |
| Barracks | 1 | |
| Farm | 9 | |
| Scout Tower | 8 | |
| Lumber Mill | 1 | |
| Arcane Tower | 1 | |
| Town Hall | 1 | |
| Arcane Vault | 1 | |
| Guard Tower | 8 | |
| Keep | 2 | |
| Blacksmith | 1 | |
| Castle | 1 | |
| Gryphon Aviary | 3 | |
38 total
» build order
00:13 Altar of Kings
00:20 Barracks
00:37 Farm
00:51 Farm
01:35 Farm
01:54 Scout Tower
02:10 Lumber Mill
02:23 Arcane Tower
03:19 Farm
04:16 Town Hall
04:18 Scout Tower
04:19 Scout Tower
04:19 Scout Tower
04:27 Arcane Vault
05:16 Guard Tower
05:16 Guard Tower
05:36 Keep
06:11 Guard Tower
06:12 Scout Tower
06:13 Scout Tower
06:55 Blacksmith
06:59 Scout Tower
07:00 Scout Tower
07:10 Guard Tower
07:10 Guard Tower
08:26 Guard Tower
08:26 Guard Tower
08:26 Guard Tower
08:27 Castle
09:15 Gryphon Aviary
09:16 Gryphon Aviary
09:34 Farm
09:34 Farm
09:35 Farm
09:36 Farm
09:36 Farm
11:41 Gryphon Aviary
» items
| Scroll of Regeneration | 2 | |
| Lesser Clarity Potion | 1 | |
| Potion of Mana | 2 | |
| Scroll of Town Portal | 1 | |
| Potion of Lesser Invulnerability | 1 | |
| Boots of Speed | 1 | |
| Staff of Teleportation | 1 | |
| Scroll of Healing | 1 | |
10 total

»
faast (
orange | 27 APM | 884 actions | 33:02)
3 Blademaster
1 Wind Walk
2 Critical Strike
3 Shadow Hunter
1 Healing Wave
1 Hex
1 Serpent Ward
» actions
| Basic commands | 25 | |
| Build / train | 47 | |
| Enter build submenu | 23 | |
| Enter hero's abilities submenu | 7 | |
| Remove unit from queue | 3 | |
| Right click | 343 | |
| Select / deselect | 382 | |
| Use ability | 54 | |
884 total
» units
| Peon | 20 | |
| Grunt | 4 | |
| Troll Witch Doctor | 2 | |
26 total
» upgrades
| Melee Weapons | 2 | |
| Armor | 2 | |
| Spiked Barricades | 2 | |
| Witch Doctor Training | 1 | |
7 total
» buildings
| Orc Burrow | 6 | |
| Altar of Storms | 1 | |
| Barracks | 1 | |
| War Mill | 1 | |
| Stronghold | 1 | |
| Watch Tower | 7 | |
| Voodoo Lounge | 1 | |
| Fortress | 1 | |
| Spirit Lodge | 1 | |
| Great Hall | 3 | |
23 total
» build order
00:17 Orc Burrow
00:20 Altar of Storms
00:35 Barracks
01:46 War Mill
02:08 Orc Burrow
03:21 Stronghold
04:18 Watch Tower
04:39 Watch Tower
04:58 Orc Burrow
06:12 Orc Burrow
06:31 Voodoo Lounge
07:15 Orc Burrow
08:49 Fortress
11:45 Watch Tower
11:52 Watch Tower
13:18 Watch Tower
13:23 Spirit Lodge
15:11 Watch Tower
16:20 Great Hall
16:47 Great Hall
16:59 Orc Burrow
19:51 Stronghold
20:27 Great Hall
22:58 Watch Tower
» items
Chat log
(00:13 / All) SouthWillRise: Mugaro
(00:14 / Allies) Berserk69: fiends worms
(00:17 / Allies) Berserk69: stat
(00:22 / All) Winstealers: MUGARO
(00:30 / All) CALLSAULNOW.: DREW
(00:40 / All) 418: THE FUCK IS GOING ON
(00:53 / All) SouthWillRise: turtle
(00:55 / Allies) mischifrox: footies to morts
(01:01 / All) CALLSAULNOW.: d
(01:08 / All) 418: WHOS THAT
(01:13 / All) Winstealers: MUGARO
(01:22 / All) SouthWillRise: Gina
(01:47 / All) SouthWillRise: I am Gina
(01:54 / All) 418: OK
(01:57 / All) IGOTATHIRDLEG: Sup human ass nigga
(04:19 / Allies) mischifrox: Someon open for me
(05:35 / Allies) mischifrox: woodplz
(09:14 / Allies) 418: WOOD
(12:24 / Allies) Winstealers: wood me
(15:16 / All) SouthWillRise: BETTER CALL SAUL
(21:31 / All) CALLSAULNOW.: bad boy
(21:33 / All) CALLSAULNOW.: yellow
(21:46 / All) CALLSAULNOW.: lawl
(23:56 / All) SouthWillRise: ain't no quit in this dog
(24:07 / All) CALLSAULNOW.: uh oh what time is it
(24:10 / All) CALLSAULNOW.: it is love tap time
(25:56 / All) SouthWillRise: I thought that team would be tougher
(26:01 / All) CALLSAULNOW.: so di di
(26:02 / All) SouthWillRise: but red was pretty much straight garbage
(26:04 / All) CALLSAULNOW.: red was
(26:06 / All) CALLSAULNOW.: always late
(26:12 / All) SouthWillRise: he had level 1 dk
(26:15 / All) CALLSAULNOW.: teal did a bad job at mortars took too long
(26:46 / All) SouthWillRise: If teal and red weren't so shit it could have been really tough for us
(26:51 / All) SouthWillRise: with auto web fiends
(26:57 / All) SouthWillRise: and morts taht could kill our bases in a minute
(28:01 / All) SouthWillRise: kill
(29:02 / All) SouthWillRise: I don't really like to fuck around with human siege
(29:24 / All) SouthWillRise: they can devastate a base too quickly and it takes a long time to recover
(32:45 / All) SouthWillRise: just end it faast doesn't want to share his feelings?